AoeStats
← PedronzerA

Arabia

510867955Analyzed
1v1 RM · 14h ago on Oct 2, 2026· 30m 30s· 2 players
Game mode
Random Map
Map size
Tiny (2 player)
Population
200
Speed
Normal
Resources
Standard
Victory
Conquest
Starting age
Dark Age
Ending age
Imperial Age
RankedLock teamsTeams togetherTeam positionsShared explorationLock speedFull tech treeHidden civsTurbo modeCheats
Victory
Defeat
🇧🇷 Turks · Brazil
1008
+16
🇦🇷 Armenians · Argentina
1012
-16
PedronzerA
10:24 Feudal Age
10:54 Double-Bit Axe
16:50 Fletching
20:28 Wheelbarrow
23:40 Castle Age
25:19 Scale Barding Armor
26:12 Bloodlines
26:25 Chain Barding Armor
28:28 Forging
BOLAEXTRA
9:05 Loom
11:15 Feudal Age
16:18 Castle Age
14:19 Double-Bit Axe
15:23 Fletching
24:07 Bodkin Arrow
Connection lost

Rejoining the realm…

Still unreachable

The connection could not be restored.

Session expired

The server has moved on; the page needs a fresh start.